 Dungeon Crawl Stone Soup version 0.29.1-1-gd02db6906a (webtiles) character file.

Game seed: 617847182491802436

6948 unlimited1921 the Thaumaturge (level 11, -1/70 HPs)
             Began as a Djinni Fire Elementalist on Oct 6, 2022.
             Was a Believer of Fedhas.
             Slain by a death yak (18 damage)
             ... on level 9 of the Dungeon.
             The game lasted 01:13:41 (16348 turns).

unlimited1921 the Thaumaturge (DjFE)               Turns: 16348, Time: 01:13:42

Health: -1/70      AC:  9    Str:  7      XL:     11   Next: 28%
Gold:   571        EV: 12    Int: 32 (33) God:    Fedhas [**....] SH:  0 Dex: 14

rFire   + + .      SeeInvis .   O - +6 flail (drain)
rCold   x . .      Faith    .   L - orb {light}
rNeg    . . .      Spirit   .   P - +3 leather armour {Will+}
rPois   ∞          Reflect  .   k - +2 hat
rElec   .          Harm     .   (no cloak)
rCorr   .          Rampage  .   p - +0 pair of gloves
Will    ++...                   (boots unavailable)
Stlth   +.........              (no amulet)
HPRegen 0.21/turn               t - +6 ring of intelligence
MPRegen 0.00/turn               B - +6 ring of intelligence

@: flying, glowing
A: sickness immunity, fire resistance 2, cold vulnerability 1, float, innate
caster, HP casting, extra vitality 1
a: Renounce Religion, Wall of Briars


You were on level 9 of the Dungeon.
You worshipped Fedhas.
Fedhas was pleased with you.
You visited 2 branches of the dungeon, and saw 10 of its levels.
You also visited: Sewer.

You collected 571 gold pieces.

Inventory:

Hand Weapons
 h - a +1 sling of freezing
 N - a +1 dagger of electrocution
 O - a +6 flail of draining (weapon)
 Q - a +5 hand axe of freezing
Missiles
 i - 69 stones
 w - 46 poisoned darts (quivered)
 A - 6 boomerangs
Armour
 k - a +2 hat (worn)
 p - a +0 pair of gloves (worn)
 L - an orb of light (worn)
 P - a +3 leather armour of willpower (worn)
Jewellery
 t - a +6 ring of intelligence (left hand)
 y - a ring of see invisible
 B - a +6 ring of intelligence (right hand)
 D - a ring of positive energy
Wands
 l - a wand of roots (7)
 F - a wand of mindburst (3)
Scrolls
 a - a scroll of fear {unknown}
 b - a scroll of butterflies
 c - a scroll of enchant armour
 d - 2 scrolls of silence {unknown}
 e - 3 scrolls of teleportation
 j - a scroll of noise {unknown}
 m - a scroll of summoning
 n - a scroll of brand weapon {unknown}
 o - a scroll of poison
 s - a scroll of enchant weapon {unknown}
 v - a scroll of identify
 H - a scroll of torment {unknown}
 I - a scroll of magic mapping
Potions
 f - 4 potions of brilliance
 g - 3 potions of might
 q - a potion of berserk rage {unknown}
 r - a potion of resistance
 u - a potion of cancellation
 x - 3 potions of haste
 z - a potion of ambrosia {unknown}
 C - a potion of heal wounds {unknown}
 G - 6 potions of curing
 K - a potion of experience {unknown}
 M - a potion of flight {unknown}


   Skills:
 + Level 2.9 Fighting
 + Level 0.2 Short Blades
 + Level 3.0 Maces & Flails
 + Level 1.0 Throwing
 + Level 4.8 Armour
 + Level 4.2 Dodging
 + Level 4.0 Stealth
 + Level 11.1 Spellcasting
 * Level 0.3 Invocations


You had 6 spell levels left.
You knew the following spells:

 Your Spells              Type           Power      Damage    Failure   Level
a - Foxfire               Conj/Fire      100%       2x1d9     1%          1
b - Scorch                Fire           100%       2d10      1%          2
c - Conjure Flame         Conj/Fire      73%        6-21      1%          3
d - Inner Flame           Hex/Fire       73%        N/A       1%          3
e - Flame Wave            Conj/Fire      73%        2d16      1%          4
f - Beastly Appendage     Tmut           100%       N/A       1%          1
g - Call Imp              Summ           73%        N/A       1%          2
h - Frozen Ramparts       Ice            100%       1d16      1%          3
i - Tukima's Dance        Hex            73%        N/A       1%          3
j - Summon Ice Beast      Ice/Summ       73%        N/A       1%          4
Your spell library was empty.

Dungeon Overview and Level Annotations

Branches:
Dungeon (9/15)             Temple (1/1) D:6            Lair (0/5) D:9
    Orc (0/2) D:9           Sewer (visited)

Altars:
Ashenzari
Cheibriados
Dithmenos
Elyvilon
Fedhas
Gozag
Hepliaklqana
Makhleb
Nemelex Xobeh
Okawaru
Qazlal
Ru
Trog
Uskayaw
Wu Jian
Xom
Yredelemnul
Zin
The Shining One

Shops:
D:4 =   D:6 :

Annotations:
D:6 3 runed translucent doors, Du3lingdragon's ghost, novice TeFi


Innate Abilities, Weirdness & Mutations

You are immune to sickness and miasma.
You are immune to poison.
Your flesh is very heat resistant. (rF++)
You are vulnerable to cold. (rC-)
You float through the air rather than walking.
You learn spells naturally, not from books.
Your magical power is your life essence.
You have superior vitality. (+4 MHP)


Message History

The death yak is engulfed in blazing flames.
Flame seeps out of the death yak.
Your ice beast completely misses the death yak.
Casting: Scorch (safe; 1% risk of failure)
Confirm with . or Enter, or press ? or * to list all spells.
You conjure some foxfire!
The death yak is engulfed in blazing flames.
Flame seeps out of the death yak.
The death yak gores you. The death yak attacks as you move away!
The death yak gores you!
The foxfire hits the death yak but does no damage.
The death yak is heavily wounded.
The foxfire hits the death yak.
The death yak is burned terribly!
Flame seeps out of the death yak.
The death yak is heavily wounded.
The death yak is engulfed in blazing flames.
Flame seeps out of the death yak.
The death yak is engulfed in blazing flames.
Flame seeps out of the death yak.
Casting: Foxfire (safe; 1% risk of failure)
Confirm with . or Enter, or press ? or * to list all spells.
You conjure some foxfire!
The death yak is engulfed in blazing flames.
Flame seeps out of the death yak.
The death yak attacks as you move away! The death yak gores you!!
* * * LOW HITPOINT WARNING * * *
The foxfire hits the death yak.
The death yak is burned terribly!
Flame seeps out of the death yak.
The death yak is heavily wounded.
The foxfire hits the death yak.
Flame seeps out of the death yak.
The death yak is severely wounded.
The death yak is engulfed in blazing flames.
Flame seeps out of the death yak.
The death yak is engulfed in blazing flames.
Flame seeps out of the death yak.
Your ice beast hits the death yak but does no damage.
A briar patch grows up from the ground. x5
The death yak is no longer more vulnerable to fire.
The death yak gores you!!
You die...
Fedhas appreciates your contribution to the ecosystem.

#........## ##.<.......#
##.....>..>###..........
#..........#.#.........#
#.....................##
#...#..#..........###
##°Y##..##.........#..
...#.°..#..#..#..........
.......YYPP#..####.....#..
.#......Y@##...# ####..#..
#####..PPP....### ##.#...
###.........###..#...
#.#......##........
###.......#..####..
##......#.## #..
#.........#####..
###..........###.
#.........###..


You could see 3 death yaks and a friendly ice beast (summoned).

Vanquished Creatures
  2 trolls
  A hornet (D:5)
  Sigmund (D:2)
  A vampire (D:6)
  Grum (D:9)
  A steam dragon (D:7)
  Edmund (D:5)
  3 water moccasins
  4 ice beasts
  A sky beast (D:7)
  2 ogres
  4 wolves (D:9)
  4 centaurs
  The ghost of jamesp the Insei, an amateur OpTm (D:3)
  A phantom (D:5)
  3 kobold brigands
  4 bullfrogs
  5 scorpions
  6 wights
  A killer bee (D:9)
  A howler monkey (D:9)
  2 hounds
  3 orc priests
  2 jellies (D:5)
  Terence (D:2)
  An iguana (D:4)
  5 orc wizards
  4 adders
  4 gnolls (D:5)
  2 river rats
  2 shadow imps
  2 white imps
  3 ufetubi (D:7)
  5 worms
  5 dart slugs
  24 orcs
  6 ball pythons
  3 bats
  8 endoplasms
  9 giant cockroaches
  9 goblins
  6 hobgoblins
  5 jackals
  7 quokkas
  11 frilled lizards
  20 kobolds
  4 rats (D:2)
201 creatures vanquished.

Vanquished Creatures (collateral kills)
  A boulder beetle (D:7)
  A two-headed ogre (D:8)
  An ugly thing (D:8)
  A steam dragon (D:6)
  A basilisk (D:7)
  2 killer bees (D:9)
  A jelly (D:7)
  An iguana (D:6)
  An orc wizard (D:9)
  A river rat (D:9)
  3 orcs
14 creatures vanquished.

Vanquished Creatures (others)
  A dancing weapon (D:8)
  520 foxfires
  16 plants (D:7)
537 creatures vanquished.

Grand Total: 752 creatures vanquished

Notes
Turn   | Place    | Note
-------+----------+-------------------------------------------
     0 | D:1      | unlimited1921 the Djinni Fire Elementalist began the quest
                  | for the Orb.
     0 | D:1      | unlimited1921 set off with the following spells memorised:
                  | Foxfire, Scorch, Conjure Flame, Inner Flame, Flame Wave.
     0 | D:1      | Reached XP level 1. HP: 15/15 MP: 0/0
   477 | D:1      | Reached XP level 2. HP: 17/21 MP: 0/0
  1038 | D:1      | Reached skill level 3 in Spellcasting
  1038 | D:1      | Reached XP level 3. HP: 21/25 MP: 0/0
  1038 | D:1      | Learned a level 1 spell: Beastly Appendage
  2088 | D:2      | Reached XP level 4. HP: 28/31 MP: 0/0
  2690 | D:2      | Noticed Sigmund
  2703 | D:2      | Killed Sigmund
  2704 | D:2      | Reached skill level 1 in Fighting
  2704 | D:2      | Reached skill level 4 in Spellcasting
  2704 | D:2      | Reached XP level 5. HP: 19/37 MP: 0/0
  2704 | D:2      | Learned a level 2 spell: Call Imp
  2704 | D:2      | Reached XP level 6. HP: 22/42 MP: 0/0
  3094 | D:2      | Noticed an ogre
  3100 | D:2      | Killed an ogre
  3101 | D:2      | Reached skill level 1 in Throwing
  3101 | D:2      | Reached skill level 1 in Armour
  3977 | D:2      | Noticed Terence
  3982 | D:2      | Killed Terence
  4298 | D:3      | Reached XP level 7. HP: 43/47 MP: 0/0
  4298 | D:3      | Learned a level 3 spell: Frozen Ramparts
  4433 | D:3      | Found a large runed translucent door.
  4433 | D:3      | Found a large runed translucent door.
  4437 | D:3      | Noticed jamesp's ghost (amateur OpTm)
  4720 | D:3      | Found a glowing drain.
  4735 | Sewer    | Entered a sewer
  5145 | Sewer    | Reached skill level 5 in Spellcasting
  5903 | D:3      | Killed jamesp's ghost
  6519 | D:4      | Found Zutt's Jewellery Boutique.
  6698 | D:4      | Reached XP level 8. HP: 48/52 MP: 0/0
  7699 | D:5      | Entered Level 5 of the Dungeon
  8068 | D:5      | Noticed a hornet
  8073 | D:5      | Killed a hornet
  8074 | D:5      | Reached skill level 6 in Spellcasting
  8270 | D:5      | Noticed Edmund
  8276 | D:5      | Killed Edmund
  8981 | D:5      | Reached skill level 7 in Spellcasting
  8981 | D:5      | Reached XP level 9. HP: 53/57 MP: 0/0
  8981 | D:5      | Learned a level 3 spell: Tukima's Dance
  9664 | D:6      | Reached skill level 1 in Maces & Flails
  9972 | D:6      | Found a staircase to the Ecumenical Temple.
  9981 | D:6      | Found Homillin's Book Emporium.
 10003 | Temple   | Entered the Ecumenical Temple
 10325 | Temple   | Became a worshipper of Fedhas Madash
 10427 | D:6      | Found a basalt altar of Yredelemnul.
 10429 | D:6      | Noticed a profane servitor
 10434 | D:6      | Found a glowing golden altar of the Shining One.
 10436 | D:6      | Noticed an angel
 10543 | D:6      | Noticed Du3lingdragon's ghost (novice TeFi)
 10546 | D:6      | Found a runed translucent gate.
 10546 | D:6      | Found a runed translucent gate.
 10546 | D:6      | Found a runed translucent gate.
 10605 | D:6      | Reached skill level 8 in Spellcasting
 11520 | D:7      | You are sucked into a shaft and drop 1 floor!
 11652 | D:8      | Reached XP level 10. HP: 42/64 MP: 0/0
 12090 | D:7      | Reached skill level 9 in Spellcasting
 12105 | D:7      | Noticed a boulder beetle
 12809 | D:7      | Reached * piety under Fedhas
 13098 | D:7      | Killed a boulder beetle
 13449 | D:8      | Reached skill level 10 in Spellcasting
 14463 | D:9      | Found a staircase to the Lair.
 14464 | D:9      | Noticed a death yak
 14467 | D:9      | Noticed a death yak
 14754 | D:9      | Noticed a red ugly thing
 14754 | D:9      | Noticed a two-headed ogre
 14791 | D:8      | Killed a red ugly thing
 14792 | D:8      | Reached XP level 11. HP: 35/70 MP: 0/0
 14792 | D:8      | Learned a level 4 spell: Summon Ice Beast
 15192 | D:8      | Killed a two-headed ogre
 15439 | D:9      | Reached ** piety under Fedhas
 15439 | D:9      | Noticed Grum
 15738 | D:9      | Killed Grum
 15740 | D:9      | Reached skill level 11 in Spellcasting
 16307 | D:9      | Found a staircase to the Orcish Mines.
 16335 | D:9      | Noticed a death yak
 16348 | D:9      | Slain by a death yak

Illustrated notes

Levels and vault maps discovered:
D:1:      dpeg_arrival_connections, layout_rooms
D:2:      layout_rooms, minmay_quantized, uniq_terence, uniq_sigmund
D:3:      layout_loops_ring, ebering_ghost_disaster_area, portal_sewer_entry_a,
          minmay_fountain_box
D:4:      layout_layer_cave, serial_shops, nicolae_shop_hallway_plus,
          hangedman_minor_gate_pass
D:5:      layout_loops_ring, uniq_edmund
D:6:      layout_rooms, grunt_temple_overflow_holy_war,
          minmay_temple_entry_sparse_star, gammafunk_ghost_split, serial_shops,
          shop, minivault_14, minmay_puff
D:7:      nzn_winding_woodlands_small [nzn_winding_woodlands_5x15_lazy_stream,
          nzn_winding_woodlands_center_garden,
          nzn_winding_woodlands_5x15_twine], layout_loops_ring, uniq_joseph
D:8:      layout_gridville, item_on_display_a
D:9:      layout_cave_pools, dpeg_lair_monsters, orc_0_dummy, special_room
          [special_room_orc], minmay_chambers_of_fives, uniq_grum
Temple:   mainiacjoe_temple_cubbyholes

Skill      XL: |  1  2  3  4  5  6  7  8  9 10 11 |
---------------+----------------------------------+-----
Spellcasting   | 3 4 5 7 8 10 11 | 11.1
Fighting       | 1 2 |  2.9
Stealth        | 2 3 4 |  4.0
Throwing       | 1 |  1.0
Armour         | 1 2 3 4 |  4.8
Maces & Flails | 2 3 |  3.0
Dodging        | 3 4 |  4.2
Short Blades   | |  0.2
Invocations    | |  0.3

Action                   |  1- 3 |  4- 6 |  7- 9 | 10-12 || total
-------------------------+-------+-------+-------+-------++-------
Melee: Dagger            |       |       |     2 |       ||     2
       Flail             |       |       |    17 |    15 ||    32
Throw: Dart              |       |     2 |       |       ||     2
       Stone             |       |     1 |       |       ||     1
 Cast: Foxfire           |    66 |    56 |   143 |    42 ||   307
       Scorch            |       |     8 |    49 |    31 ||    88
       Inner Flame       |       |     5 |    25 |    33 ||    63
       Call Imp          |       |     3 |    15 |    15 ||    33
       Frozen Ramparts   |       |       |     6 |     2 ||     8
       Tukima's Dance    |       |       |     6 |     6 ||    12
       Summon Ice Beast  |       |       |       |     8 ||     8
       Flame Wave        |       |       |       |     1 ||     1
Invok: Wall of Briars    |       |       |       |     1 ||     1
  Use: Potion            |       |     1 |     1 |    12 ||    14
       Scroll            |       |       |     4 |     9 ||    13
Armor: Robe              |     3 |       |       |       ||     3
       Leather armour    |       |     2 |     4 |    32 ||    38
Dodge: Dodged            |     2 |     5 |    24 |    57 ||    88
